 Dungeon Crawl Stone Soup version 0.21-a0-504-g2eda330 (webtiles) character file.

14167 kae the Grappler (level 11, -1/113 HPs)
             Began as a Troll Monk on Nov 26, 2017.
             Was an Elder of Wu Jian.
             Slain by a killer bee (8 damage)
             ... on level 3 of the Lair of Beasts.
             The game lasted 00:14:03 (8983 turns).

kae the Grappler (Troll Monk)                       Turns: 8983, Time: 00:14:03

Health: -1/113     AC:  8    Str: 21    XL:     11   Next: 85%
Magic:  10/10      EV: 16    Int:  6    God:    Wu Jian [****..]
Gold:   784        SH:  0    Dex: 20    Spells: 10/10 levels left

rFire    . . .     SeeInvis +     - Unarmed
rCold    . . .     Gourm    +   (no shield)
rNeg     . . .     Faith    .   e - +1 troll leather armour
rPois    .         Spirit   .   (helmet restricted)
rElec    .         Reflect  .   (no cloak)
rCorr    .         Harm     .   (gloves unavailable)
MR       .....                  (boots unavailable)
Stlth    ++........             (no amulet)
HPRegen  1.08/turn              u - +5 ring of dexterity
MPRegen  0.12/turn              y - ring of see invisible

@: lethally poisoned (-1 -> -2), about to teleport
A: large, unfitting armour, claws 3, fast metabolism 3, gourmand, regeneration
1, shaggy fur 1, tough skin 2
a: Serpent's Lash, Renounce Religion


You were on level 3 of the Lair of Beasts.
You worshipped Wu Jian.
Wu Jian was greatly pleased with you.
You were very full.

You visited 3 branches of the dungeon, and saw 12 of its levels.

You collected 784 gold pieces.

Inventory:

Armour
 e - a +1 troll leather armour (worn)
Jewellery
 u - a +5 ring of dexterity (left claw)
 y - a ring of see invisible (right claw)
 H - an uncursed ring of protection from cold {unknown}
Wands
 h - a wand of paralysis (9)
 l - a wand of disintegration (15)
 r - a wand of random effects (49)
 D - a wand of iceblast (10)
 E - a wand of acid (9)
Scrolls
 c - a scroll of fear
 j - 3 scrolls of amnesia
 n - 2 scrolls of enchant armour
 o - 2 scrolls of teleportation
 p - a scroll of enchant weapon
 v - 2 scrolls of identify
 w - a scroll of remove curse
 B - 2 scrolls of fog
Potions
 a - 2 potions of magic
 d - 2 potions of mutation
 f - 5 potions of heal wounds
 i - a potion of might
 k - a potion of resistance
 q - a potion of lignification
 s - 2 potions of brilliance
 t - 6 potions of agility
 x - a potion of ambrosia
 z - 3 potions of flight
 A - 7 potions of curing
 F - a potion of haste
Comestibles
 b - 8 bread rations
 g - 5 royal jellies
 m - 8 meat rations
 C - a fruit
 G - 7 chunks of flesh


   Skills:
 + Level 8.6 Fighting
 + Level 8.6 Dodging
 - Level 1.0 Stealth
 * Level 13.5 Unarmed Combat


You had 10 spell levels left.
You didn't know any spells.

Dungeon Overview and Level Annotations

Branches:
Dungeon (8/15)             Temple (1/1) D:6            Lair (3/6) D:8
  Swamp (0/4) Lair:3       Spider (0/4) Lair:3

Altars:
Ashenzari
Cheibriados
Dithmenos
Elyvilon
Fedhas
Gozag
Hepliaklqana
Kikubaaqudgha
Makhleb
Nemelex Xobeh
Okawaru
Qazlal
Ru
Sif Muna
Trog
Uskayaw
Vehumet
Wu Jian
Yredelemnul
Zin
The Shining One

Annotations:
Lair:1 kae's ghost, journeyman TrMo
Lair:2 exclusion: oklob plant


Innate Abilities, Weirdness & Mutations

You are too large for most types of armour.
You have claws for hands.
Your metabolism is lightning-fast.
You like to eat raw meat.
Your natural rate of healing is unusually fast.
You are covered in fur. (AC +1)
You have very tough skin. (AC +2)


Message History

As you read the scroll of teleportation, it crumbles to dust.
You feel strangely unstable.
You feel sick. The killer bee closely misses you.
The killer bee moves out of view.
The killer bee completely misses you.
You miss the killer bee.
The killer bee is severely wounded.
You feel sick. The killer bee stings you!
* * * LOW HITPOINT WARNING * * *
You are more poisoned.
The killer bee poisons you! The killer bee barely misses you.
A queen bee comes into view.
You miss the killer bee.
The killer bee is severely wounded.
You feel sick.
The queen bee buzzes angrily.
You hear an angry buzzing noise.
The killer bee misses you.
A killer bee comes into view.
You miss the killer bee.
The killer bee is heavily wounded.
The killer bee completely misses you. The killer bee stings you!
You die...

##***#..#,*,.##..###.##*,**
.### #...#,,..#...#...#,,*
†..# #..#.#,....#.....,.**
...###...#y#..l##...#*y#*
##..#*(.#.#†#...#...#..#*****
#.##*##.#†#†#.....,..**,,,,*
#.## #...#†#.##.##.#*****,,*
#..###..#l#.#yy#y.#,* **,**
#÷###..##S.#.##@#*,** *,,*
##†# #..####y#####,** *,,*
#.†####.## ### *,,** *,,*
#..##....# ***,,* *,**
##......##******,,,,** *,*
..#.#....#,,,*,*,,,,,* ****,**
............,,,*,,*,,***,,,,,*
##...#...#..#,,,,**,,,,,,,,,**
######..####***,,,*,****,,**


You could see a queen bee and 4 killer bees.

Vanquished Creatures
  A two-headed ogre (D:7)
  A wolf spider (Lair:3)
  A manticore (Lair:3)
  Joseph (D:8)
  A black mamba (Lair:1)
  5 spiny frogs
  A rime drake (Lair:2)
  A komodo dragon (Lair:2)
  A polar bear (Lair:2)
  4 blink frogs (Lair:1)
  4 hippogriffs
  11 yaks
  A basilisk (Lair:3)
  6 vampire mosquitoes (Lair:3)
  Duvessa (D:4)
  3 porcupines
  6 water moccasins
  2 orc warriors
  2 black bears
  3 sky beasts
  7 ogres
  A phantom (D:7)
  11 wolves
  4 crocodiles
  9 bullfrogs
  Dowan (D:3)
  A wyvern skeleton (D:7)
  2 scorpions
  5 wights (D:6)
  9 killer bees (Lair:3)
  An electric eel (Lair:2)
  2 howler monkeys (D:7)
  2 crimson imps
  A bullfrog zombie (D:7)
  A jelly (D:6)
  3 hounds
  4 orc priests
  8 orc wizards
  Ijyb (D:5)
  3 worker ants
  A worker ant zombie (D:7)
  Robin (D:4)
  15 adders
  2 shadow imps
  2 oozes
  3 adder zombies
  3 worms (D:2)
  2 dart slugs
  3 leopard geckos
  23 orcs
  8 giant cockroaches
  15 goblins
  14 hobgoblins
  6 jackals
  4 quokkas
  A ball python (D:1)
  9 bats
  4 frilled lizards
  6 kobolds
  A leopard gecko skeleton (D:4)
  15 rats
270 creatures vanquished.

Vanquished Creatures (others)
  3 fungi
  4 plants
7 creatures vanquished.

Grand Total: 277 creatures vanquished

Notes
Turn   | Place    | Note
-------+----------+-------------------------------------------
     0 | D:1      | kae the Troll Monk began the quest for the Orb.
     0 | D:1      | Reached XP level 1. HP: 22/22 MP: 0/0
   216 | D:1      | Reached XP level 2. HP: 27/29 MP: 1/1
   574 | D:1      | Reached XP level 3. HP: 36/36 MP: 2/2
  1325 | D:2      | Reached skill level 4 in Unarmed Combat
  1375 | D:2      | Reached XP level 4. HP: 44/44 MP: 3/3
  1977 | D:3      | Reached XP level 5. HP: 53/53 MP: 4/4
  2660 | D:4      | Noticed an ogre
  2665 | D:4      | Killed an ogre
  2665 | D:4      | Reached skill level 5 in Unarmed Combat
  2665 | D:4      | Reached XP level 6. HP: 27/61 MP: 5/5
  2721 | D:4      | Noticed Dowan
  2723 | D:4      | Noticed Duvessa
  2748 | D:4      | Killed Duvessa
  2752 | D:3      | Killed Dowan
  2752 | D:3      | Reached skill level 6 in Unarmed Combat
  2752 | D:3      | Reached XP level 7. HP: 54/68 MP: 6/6
  2847 | D:4      | Noticed Robin
  2871 | D:4      | Killed Robin
  3487 | D:5      | Entered Level 5 of the Dungeon
  3673 | D:5      | Reached skill level 7 in Unarmed Combat
  3695 | D:5      | Reached XP level 8. HP: 63/79 MP: 7/7
  3798 | D:5      | Noticed Ijyb
  4125 | D:5      | Paralysed by Ijyb for 3 turns
  4133 | D:5      | Killed Ijyb
  4574 | D:6      | Reached skill level 5 in Dodging
  4676 | D:6      | Reached skill level 8 in Unarmed Combat
  4715 | D:6      | Reached skill level 5 in Fighting
  4740 | D:6      | Found a sacrificial altar of Ru.
  4866 | D:6      | Found a staircase to the Ecumenical Temple.
  5097 | Temple   | Entered the Ecumenical Temple
  5247 | Temple   | Became a worshipper of the Wu Jian Council
  5247 | Temple   | Reached * piety under Wu Jian
  5247 | Temple   | Reached ** piety under Wu Jian
  5582 | D:7      | Reached XP level 9. HP: 81/88 MP: 8/8
  5595 | D:7      | Reached skill level 9 in Unarmed Combat
  6000 | D:7      | Reached skill level 10 in Unarmed Combat
  6173 | D:8      | Noticed a two-headed ogre
  6195 | D:7      | Killed a two-headed ogre
  6256 | D:7      | Reached XP level 10. HP: 100/100 MP: 9/9
  6383 | D:8      | Found a staircase to the Lair.
  6489 | D:8      | Noticed Joseph
  6499 | D:8      | Killed Joseph
  6672 | D:8      | Reached *** piety under Wu Jian
  6747 | Lair:1   | Entered Level 1 of the Lair of Beasts
  6763 | Lair:1   | Noticed a spiny frog
  6771 | Lair:1   | Killed a spiny frog
  6771 | Lair:1   | Reached skill level 11 in Unarmed Combat
  6886 | Lair:1   | Noticed a black mamba
  6887 | Lair:1   | Noticed kae's ghost (journeyman TrMo)
  7247 | Lair:1   | Reached skill level 12 in Unarmed Combat
  7273 | Lair:1   | Killed a black mamba
  7601 | Lair:2   | Noticed a spiny frog
  7623 | Lair:2   | Reached XP level 11. HP: 92/109 MP: 10/10
  7668 | Lair:2   | Noticed an oklob plant
  8501 | Lair:2   | Reached **** piety under Wu Jian
  8660 | Lair:3   | Found a staircase to the Swamp.
  8676 | Lair:3   | Found a hole to the Spider Nest.
  8676 | Lair:3   | Noticed a wolf spider
  8686 | Lair:3   | Killed a wolf spider
  8726 | Lair:3   | Reached skill level 13 in Unarmed Combat
  8983 | Lair:3   | Slain by a killer bee

Vault maps used:
D:1:      nzn_arrival_settlement, minmay_pentomino_u4
D:2:      first_bread
D:3:      minmay_diamond_boxcup
D:4:      cheibrodos_pilgrimage, uniq_duvessa, uniq_robin
D:5:      uniq_ijyb
D:6:      minmay_temple_entry_nine_rooms, nicolae_ru_path_of_blood
D:7:      serial_corexii_hall, corexii_hall_statues_deadend,
          corexii_hall_statues_deadend, corexii_hall_statues_l,
          corexii_hall_statues_s, grunt_ogre_cave
D:8:      lair_entry_dummy, uniq_joseph
Temple:   compressed_dpeg_triangle_lava_temple
Lair:2:   minmay_lair_oklob_chamber, serial_bayou_shore_a, grunt_megastairs_2
Lair:3:   hangedman_what_comes_after_a, minmay_swamp_entry_swarm,
          spider_nest_entry_rubble

Skill      XL: |  1  2  3  4  5  6  7  8  9 10 11 |
---------------+----------------------------------+-----
Unarmed Combat | 4 5 6 7 8 10 12 13 | 13.5
Dodging        | 3 4 5 6 7 8 |  8.6
Fighting       | 3 4 5 6 7 8 |  8.6
Stealth        | |  1.0

Action                   |  1- 3 |  4- 6 |  7- 9 | 10-12 || total
-------------------------+-------+-------+-------+-------++-------
Melee: Unarmed           |   134 |   143 |   328 |   337 ||   942
       Punch             |     3 |     2 |    17 |    24 ||    46
  Use: Scroll            |       |     4 |    19 |     7 ||    30
       Potion            |       |       |       |     4 ||     4
 Stab: Sleeping          |       |     1 |     4 |     2 ||     7
       Distracted        |       |       |     1 |     1 ||     2
  Eat: Chunk             |    18 |    13 |    31 |    26 ||    88
Armor: Troll leather arm |    52 |    57 |    92 |    62 ||   263
       Robe              |     1 |       |       |       ||     1
Dodge: Dodged            |    62 |   101 |   180 |   215 ||   558

Table legend:
 A = Spawn XP
 B = Non-spawn XP
 C = Spawn XP percentage of total XP
 D = Spawn monster count
 E = Non-spawn monster count
 F = Spawn count percentage of total count
 G = Total turns spent on level
                    A         B        C        D         E        F      G
               +---------+---------+-------+---------+---------+-------+---------
         Total |       0 |   20239 |   0.0 |       0 |     270 |   0.0 |  8983
               +---------+---------+-------+---------+---------+-------+---------
           D:1 |       0 |      49 |   0.0 |       0 |      26 |   0.0 |  1074
           D:2 |       0 |     122 |   0.0 |       0 |      28 |   0.0 |   836
           D:3 |       0 |     140 |   0.0 |       0 |      23 |   0.0 |   745
           D:4 |       0 |     803 |   0.0 |       0 |      40 |   0.0 |   832
           D:5 |       0 |     476 |   0.0 |       0 |      11 |   0.0 |   663
           D:6 |       0 |    1034 |   0.0 |       0 |      21 |   0.0 |  1198
           D:7 |       0 |    2901 |   0.0 |       0 |      35 |   0.0 |   761
           D:8 |       0 |    1066 |   0.0 |       0 |      13 |   0.0 |   478
        Lair:1 |       0 |    4162 |   0.0 |       0 |      21 |   0.0 |   868
        Lair:2 |       0 |    4075 |   0.0 |       0 |      23 |   0.0 |  1019
        Lair:3 |       0 |    5411 |   0.0 |       0 |      29 |   0.0 |   349
               +---------+---------+-------+---------+---------+-------+---------
